 Dungeon Crawl Stone Soup version 0.27-a0-1140-g099f9bb0e8 (webtiles) character file.

Game seed: 1387396102339900645

255 freelancePsychic the Magician (level 6, 0/44 HPs)
             Began as a Gnoll Hedge Wizard on May 10, 2021.
             Slain by a steam dragon (1 damage)
             ... on level 6 of the Dungeon.
             The game lasted 00:09:01 (5391 turns).

freelancePsychic the Magician (Gnoll Hedge Wizard)  Turns: 5391, Time: 00:09:01

Health: 0/44       AC: 13    Str:  9    XL:     6   Next: 15%
Magic:  16/16      EV:  1    Int: 16    God:
Gold:   179        SH:  0    Dex: 11    Spells: 18/19 levels left

rFire    . . .     SeeInvis .   a - +0 dagger (venom)
rCold    . . .     Faith    .   (no shield)
rNeg     . . .     Spirit   .   h - +0 plate armour
rPois    .         Reflect  .   q - +1 helmet
rElec    .         Harm     .   p - +0 cloak
rCorr    .         Rampage  .   (no gloves)
Will     .....                  (no boots)
Stlth    ..........             (no amulet)
HPRegen  0.14/turn              (no ring)
MPRegen  0.15/turn              (no ring)

@: no status effects
A: fangs 1, strong nose, distributed training
a: no special abilities


You were on level 6 of the Dungeon.
You visited 1 branch of the dungeon, and saw 6 of its levels.

You collected 179 gold pieces.

Inventory:

Hand Weapons
 a - a +0 dagger of venom (weapon)
 b - a +1 vorpal falchion
 i - a +0 dagger
Missiles
 j - a throwing net
Armour
 c - a +0 hat
 h - a +0 plate armour (worn)
 p - a +0 cloak (worn)
 q - a +1 helmet (worn)
Scrolls
 e - a scroll of immolation {unknown}
 f - a scroll of teleportation {unknown}
 k - a scroll of silence
 n - a scroll of brand weapon
Potions
 g - a potion of cancellation {unknown}


   Skills:
 + Level 1.8 Fighting
 + Level 1.8 Short Blades
 + Level 1.8 Long Blades
 + Level 1.8 Axes
 + Level 1.8 Maces & Flails
 + Level 1.8 Polearms
 + Level 1.8 Staves
 + Level 1.8 Slings
 + Level 1.8 Bows
 + Level 1.8 Crossbows
 + Level 1.8 Throwing
 + Level 1.8 Armour
 + Level 4.9 Dodging
 + Level 4.5 Stealth
 + Level 1.8 Shields
 + Level 1.8 Unarmed Combat
 + Level 7.4 Spellcasting
 + Level 2.5 Conjurations
 + Level 1.4 Hexes
 + Level 2.5 Summonings
 + Level 1.4 Necromancy
 + Level 2.5 Translocations
 + Level 1.4 Transmutations
 + Level 1.4 Fire Magic
 + Level 1.4 Ice Magic
 + Level 1.4 Air Magic
 + Level 1.4 Earth Magic
 + Level 1.4 Poison Magic
 + Level 2.0 Invocations
 + Level 1.8 Evocations


You had 18 spell levels left.
You knew the following spells:

 Your Spells              Type           Power      Damage    Failure   Level
a - Magic Dart            Conj           56%        1d5       100%        1

Your spell library contained the following spells:

 Spells                   Type           Power      Damage    Failure   Level
 Blink                    Tloc           N/A        N/A       100%        2
 Call Imp                 Summ           14%        N/A       100%        2
 Slow                     Hex            10%        N/A       100%        2
 Conjure Flame            Conj/Fire      12%        6-21      100%        3
 Mephitic Cloud           Conj/Pois/Air  11%        N/A       100%        3
 Animate Dead             Necr           5%         N/A       100%        4
 Iskenderun's Mystic Bla  Conj/Tloc      14%        2d5       100%        4
 Death Channel            Necr           5%         N/A       100%        6


Dungeon Overview and Level Annotations

Branches:
Dungeon (6/15)
 Temple: D:4-7

Altars:
Makhleb
Yredelemnul

Annotations:
D:6 2 runed translucent doors


Innate Abilities, Weirdness & Mutations

You have very sharp teeth.
Your uncanny sense of smell can sniff out nearby items.
Your experience applies equally to all skills.


Message History

You feel sick.
You feel sick.
You feel sick.
You feel sick.
You are no longer poisoned.
Found a stone staircase leading down.
You now have 169 gold pieces (gained 9).
You now have 179 gold pieces (gained 10).
A steam dragon comes into view.
The steam dragon hisses angrily.
A steam dragon is nearby!
The steam dragon bites you but does no damage.
The steam dragon claws you but does no damage.
You hit the steam dragon but do no damage.
The steam dragon breathes steam at you. The ball of steam hits you!
You hear a shout!
You hear an angry hiss.
You hit the steam dragon but do no damage.
Your bite misses the steam dragon.
You are engulfed in a cloud of scalding steam.
The steam dragon bites you but does no damage.
The steam dragon claws you but does no damage.
An adder and a shadow imp come into view.
The adder hisses angrily.
The steam dragon breathes steam at you. The ball of steam hits you!!
* * * LOW HITPOINT WARNING * * *
The steam dragon bites you!
* * * LOW HITPOINT WARNING * * *
The steam dragon claws you but does no damage.
You hit the steam dragon but do no damage.
The steam dragon is poisoned.
The steam dragon bites you.
* * * LOW HITPOINT WARNING * * *
The steam dragon claws you but does no damage.
The shadow imp hits you but does no damage.
You hit the steam dragon.
The steam dragon looks as sick as possible!
The steam dragon is lightly wounded.
The steam dragon bites you.
You die...

... .. .. ..# #..
#..# #..# ..#
#...# #.##
.##....##S..##
......5......# #..
#@$### #... #D§§.#
. ##..###§§###.# .
.............# .
.#..###..#.#... .
# #..#.#..#.# . 8
...###..#.#..###.#
#####
#...............#
..+.
#.#.#..###§.#.#.#
+.


You could see a steam dragon (extremely poisoned, catching breath), an adder and
a shadow imp.

Vanquished Creatures
  A bullfrog zombie (D:3)
  A hound (D:3)
  A gnoll shaman (D:4)
  A gnoll (D:5)
  8 adders
  An adder skeleton (D:4)
  2 worms
  3 dart slugs (D:1)
  2 orcs
  3 bats
  2 endoplasms
  4 giant cockroaches
  3 goblins
  2 hobgoblins
  7 jackals
  5 quokkas
  8 ball pythons
  4 frilled lizards
  7 kobolds
  5 rats
70 creatures vanquished.

Notes
Turn   | Place    | Note
-------+----------+-------------------------------------------
     0 | D:1      | freelancePsychic the Gnoll Hedge Wizard began the quest for
                  | the Orb.
     0 | D:1      | Reached XP level 1. HP: 13/13 MP: 8/8
   127 | D:1      | Reached XP level 2. HP: 5/19 MP: 0/10
  1118 | D:1      | Reached XP level 3. HP: 14/25 MP: 4/11
  1805 | D:2      | Reached skill level 1 in Invocations
  1813 | D:2      | Reached skill level 1 in Fighting
  1813 | D:2      | Reached skill level 1 in Short Blades
  1813 | D:2      | Reached skill level 1 in Long Blades
  1813 | D:2      | Reached skill level 1 in Axes
  1813 | D:2      | Reached skill level 1 in Maces & Flails
  1813 | D:2      | Reached skill level 1 in Polearms
  1813 | D:2      | Reached skill level 1 in Staves
  1813 | D:2      | Reached skill level 1 in Slings
  1813 | D:2      | Reached skill level 1 in Bows
  1813 | D:2      | Reached skill level 1 in Crossbows
  1813 | D:2      | Reached skill level 1 in Throwing
  1813 | D:2      | Reached skill level 1 in Armour
  1813 | D:2      | Reached skill level 1 in Shields
  1813 | D:2      | Reached skill level 1 in Unarmed Combat
  1813 | D:2      | Reached skill level 1 in Evocations
  1818 | D:2      | Reached XP level 4. HP: 9/32 MP: 13/13
  3229 | D:3      | Reached skill level 1 in Hexes
  3229 | D:3      | Reached skill level 1 in Necromancy
  3229 | D:3      | Reached skill level 1 in Transmutations
  3229 | D:3      | Reached skill level 1 in Fire Magic
  3229 | D:3      | Reached skill level 1 in Ice Magic
  3229 | D:3      | Reached skill level 1 in Air Magic
  3229 | D:3      | Reached skill level 1 in Earth Magic
  3229 | D:3      | Reached skill level 1 in Poison Magic
  3229 | D:3      | Reached XP level 5. HP: 27/37 MP: 14/14
  3467 | D:3      | Found a burning altar of Makhleb.
  4886 | D:4      | Reached XP level 6. HP: 32/44 MP: 16/16
  4890 | D:5      | Entered Level 5 of the Dungeon
  4902 | D:5      | Identified a scroll of acquirement
  4902 | D:5      | Acquired a +2 pair of boots of stealth
  5062 | D:6      | Acquired Sif Muna's Collected Works on Displaced Necromancy
  5096 | D:6      | Found a basalt altar of Yredelemnul.
  5304 | D:6      | Found a large runed translucent door.
  5304 | D:6      | Found a large runed translucent door.
  5382 | D:6      | Noticed a steam dragon
  5389 | D:6      | HP: 2/44 [steam dragon (8)]
  5391 | D:6      | Slain by a steam dragon

Illustrated notes

Levels and vault maps discovered:
D:1:      minmay_arrival_cross, layout_basic
D:2:      layout_loops_corners
D:3:      layout_basic, lightli_temple_of_fire, minmay_circle_x
D:4:      layout_loops_cross
D:5:      layout_loops_cross, kennysheep_little_box, minmay_temple_entry_trees,
          nicolae_ossuary_entry_catacombs, serial_shops, shop,
          grunt_ministairs_12, uniq_edmund
D:6:      layout_layer_cave, lemuel_crystal_altar, jmf_multi_god_temple2,
          minmay_misc_feat_nine_boxes

Skill      XL: |  1  2  3  4  5 |
---------------+----------------+-----
Conjurations   | 2 |  2.5
Summonings     | 2 |  2.5
Translocations | 2 |  2.5
Invocations    | 1 2 |  2.0
Fighting       | 1 |  1.8
Short Blades   | 1 |  1.8
Long Blades    | 1 |  1.8
Axes           | 1 |  1.8
Maces & Flails | 1 |  1.8
Polearms       | 1 |  1.8
Staves         | 1 |  1.8
Slings         | 1 |  1.8
Bows           | 1 |  1.8
Crossbows      | 1 |  1.8
Throwing       | 1 |  1.8
Armour         | 1 |  1.8
Shields        | 1 |  1.8
Unarmed Combat | 1 |  1.8
Evocations     | 1 |  1.8
Hexes          | 1 |  1.4
Necromancy     | 1 |  1.4
Transmutations | 1 |  1.4
Fire Magic     | 1 |  1.4
Ice Magic      | 1 |  1.4
Air Magic      | 1 |  1.4
Earth Magic    | 1 |  1.4
Poison Magic   | 1 |  1.4
Dodging        | |  4.9
Stealth        | |  4.5
Spellcasting   | |  7.4

Action                   |  1- 3 |  4- 6 || total
-------------------------+-------+-------++-------
Melee: Dagger            |    49 |   280 ||   329
       Bite              |     1 |    23 ||    24
       Falchion          |       |     8 ||     8
       Punch             |       |     2 ||     2
 Cast: Magic Dart        |    67 |       ||    67
  Use: Potion            |       |     3 ||     3
       Scroll            |       |     7 ||     7
Armor: Robe              |     5 |       ||     5
       Chain mail        |    20 |   146 ||   166
       Plate armour      |       |    97 ||    97
Dodge: Dodged            |    32 |    50 ||    82

Table legend: (Time is in decaauts)
 A = Elapsed time spent in this place.
 B = Non-inter-level travel time spent in this place.
 C = Inter-level travel time spent in this place.
 D = Time resting spent in this place.
 E = Time spent auto-exploring this place.
 F = Levels seen in this place.
 G = Mean time per level.
                   A        B        C        D        E       F      G
               +--------+--------+--------+--------+--------+-----+--------+
         Total |   5369 |   5203 |    166 |   1171 |   3364 |   6 |  894.8 |
       Dungeon |   5369 |   5203 |    166 |   1171 |   3364 |   6 |  894.8 |
               +--------+--------+--------+--------+--------+-----+--------+

Top non-repeatable levels by time:
     D:1: 1644 daAuts
     D:3: 1518 daAuts
     D:2: 1487 daAuts
     D:6: 482 daAuts
     D:4: 219 daAuts
     D:5: 16 daAuts
